Map: Rorschach LE

Players

Geralt (Gerald)

  • Race: Protoss Protoss
  • League: Grandmaster
  • Spawn Location: 5:00

Harstem - Winner!

  • Race: Protoss Protoss
  • League: Grandmaster
  • Spawn Location: 7:00

Event: HomeStory Cup XXIX

VOD

Have the link to the VOD?

Description

Time

  • Played on: July 4, 2026, 7:57 a.m.
  • Length: 26:25

All games in this series

Show
View Real Time Build Order
Export as new Build Order

Geralt Protoss 

Build Orders:  

Get SALT Encoding   

  8  0:00  Probe  
  9  0:13  Probe  
  10  0:25  Probe (Chrono Boost)  
  11  0:30  Pylon  
  12  0:37  Probe (Chrono Boost)  
  12  0:42  Probe (Chrono Boost)  
  13  0:51  Probe  
  14  0:57  Gateway  
  14  1:03  Probe (Chrono Boost)  
  15  1:06  Assimilator  
  15  1:13  Probe (Chrono Boost)  
  15  1:16  Assimilator  
  15  1:18  Probe (Chrono Boost)  
  17  1:30  Probe  
  18  1:33  Gateway  
  18  1:42  Probe  
  18  1:46  Cybernetics Core  
  19  1:54  Probe  
  19  1:56  Pylon  
  20  2:06  Probe  
  21  2:18  Probe  
  21  2:22  Stalker x2  
  26  2:27  Warp Gate (Chrono Boost)  
  26  2:30  Probe  
  27  2:42  Probe  
  28  2:48  Pylon  
  28  2:50  Pylon  
  28  2:56  Probe  
  29  3:08  Probe, Stalker x2  
  34  3:20  Probe  
  35  3:30  Nexus  
  35  3:37  Probe  
  36  3:42  Pylon  
  36  3:47  Shield Battery  
  36  3:49  Probe  
  37  3:59  Twilight Council  
  38  4:02  Probe  
  38  4:04  Sentry  
  38  4:08  Sentry  
  42  4:17  Probe (Chrono Boost)  
  42  4:21  Pylon  
  43  4:26  Shield Battery  
  43  4:33  Probe (Chrono Boost)  
  43  4:35  Blink (Chrono Boost)  
  44  4:41  Probe (Chrono Boost)  
  44  4:45  Probe  
  46  4:47  Sentry  
  48  4:53  Probe  
  48  4:57  Probe  
  50  5:02  Gateway  
  50  5:05  Probe  
  51  5:09  Probe  
  52  5:15  Gateway  
  52  5:17  Probe  
  52  5:19  Stalker  
  55  5:22  Shield Battery  
  55  5:27  Probe  
  56  5:32  Pylon, Stalker  
  56  5:33  Probe  
  59  5:40  Gateway  
  59  5:50  Probe x2  
  59  5:56  Pylon  
  61  6:00  Stalker x2  
  61  6:02  Probe  
  66  6:14  Probe x2  
  66  6:17  Forge  
  68  6:21  Nexus  
  68  6:24  Pylon  
  68  6:25  Assimilator  
  68  6:33  Probe  
  68  6:38  Probe  
  70  6:45  Gateway, Probe  
  71  6:49  Stalker  
  71  6:51  Gateway  
  68  6:54  Gateway  
  68  7:02  Protoss Ground Weapons Level 1 (Chrono Boost), Charge (Chrono Boost)  
  68  7:12  Gateway x2  
  68  7:13  Probe  
  68  7:28  Zealot x5  
  77  7:32  Pylon  
  77  7:37  Probe x2, Templar Archives  
  77  7:39  Probe  
  80  7:46  Pylon  
  80  7:49  Probe x2  
  82  7:51  Zealot x2  
  82  7:54  Probe  
  87  8:02  Zealot  
  87  8:05  Probe  
  91  8:13  Stalker x2  
  91  8:14  Stalker x2  
  98  8:20  High Templar x2, Zealot  
  98  8:25  Archon  
  102  8:34  Pylon  
  102  8:38  Zealot x4  
  100  8:48  Zealot  
  100  8:51  Zealot x2  
  96  9:01  Stalker x4  
  96  9:02  Stalker x2  
  104  9:04  Photon Cannon  
  104  9:16  Probe  
  105  9:17  Photon Cannon  
  105  9:18  Probe, Zealot x2  
  105  9:20  Robotics Facility  
  105  9:23  Pylon  
  110  9:27  Probe (Chrono Boost)  
  105  9:32  Probe x2 (Chrono Boost)  
  106  9:41  Probe x2 (Chrono Boost)  
  107  9:46  Zealot x6  
  107  9:50  Pylon, Protoss Ground Weapons Level 2 (Chrono Boost)  
  107  9:52  Pylon  
  119  10:08  Observer (Chrono Boost)  
  119  10:09  Pylon  
  119  10:11  Nexus  
  119  10:13  Pylon  
  120  10:20  High Templar  
  120  10:21  High Templar, Zealot x4  
  124  10:24  Probe x2  
  134  10:30  Immortal (Chrono Boost)  
  134  10:31  Probe  
  134  10:34  Archon  
  139  10:39  Probe  
  140  10:43  Probe, Zealot x5  
  140  10:48  Pylon  
  149  10:57  Probe  
  149  11:00  Pylon  
  149  11:01  Pylon  
  144  11:09  Zealot  
  144  11:10  Zealot x2  
  150  11:17  Probe  
  151  11:19  Zealot x7  
  151  11:25  Observer (Chrono Boost)  
  164  11:29  Nexus  
  164  11:31  Pylon  
  164  11:37  Zealot x2  
  165  11:50  Immortal  
  165  11:51  Probe  
  165  11:52  Probe  
  156  12:06  Photon Cannon  
  156  12:07  Stalker x3  
  148  12:09  Probe  
  149  12:16  Photon Cannon  
  149  12:20  Zealot x3  
  155  12:28  Pylon  
  155  12:29  Immortal  
  159  12:34  Probe  
  159  12:36  High Templar x2, Zealot x3  
  170  12:41  Archon  
  170  12:43  Pylon  
  170  12:45  Stalker, Zealot x2  
  176  13:02  Zealot x5  
  136  13:26  Immortal (Chrono Boost)  
  129  13:28  Stalker x5  
  129  13:29  Zealot x5  
  143  13:38  Assimilator  
  143  13:42  Assimilator  
  143  13:45  Shield Battery  
  143  13:46  Photon Cannon  
  143  13:48  Protoss Ground Armor Level 1 (Chrono Boost)  
  143  13:53  Shield Battery  
  143  13:56  Shield Battery  
  143  14:00  Immortal (Chrono Boost)  
  146  14:07  Probe x2  
  146  14:08  Probe x2  
  146  14:09  Assimilator  
  150  14:12  Robotics Bay, Assimilator  
  150  14:14  Photon Cannon  
  150  14:16  Shield Battery, Assimilator  
  150  14:19  Probe  
  150  14:22  Photon Cannon  
  151  14:27  Probe  
  151  14:28  Immortal (Chrono Boost)  
  151  14:30  Photon Cannon  
  156  14:31  Zealot  
  156  14:32  Zealot x3  
  162  14:39  Nexus  
  162  14:40  Pylon  
  162  14:46  Robotics Facility  
  162  14:51  Forge  
  158  15:01  Disruptor (Chrono Boost)  
  160  15:07  Dark Shrine  
  160  15:10  Photon Cannon  
  160  15:11  Photon Cannon  
  160  15:12  Shield Battery x2  
  160  15:19  Probe  
  161  15:22  Pylon  
  161  15:23  Pylon  
  161  15:30  Disruptor (Chrono Boost)  
  161  15:31  Stalker x2  
  161  15:33  Disruptor (Chrono Boost)  
  161  15:35  Zealot x8  
  182  15:53  Protoss Ground Weapons Level 3 (Chrono Boost), Protoss Ground Armor Level 2 (Chrono Boost)  
  183  16:04  Observer (Chrono Boost)  
  183  16:05  Disruptor (Chrono Boost)  
  183  16:07  Zealot x6  
  199  16:11  Nexus  
  199  16:12  Pylon  
  199  16:16  Pylon  
  199  16:18  Assimilator  
  197  16:19  Assimilator  
  197  16:20  Shadow Stride (Chrono Boost)  
  193  16:29  Disruptor  
  195  16:35  Dark Templar x3  
  191  16:48  Disruptor  
  191  17:00  Dark Templar x2  
  195  17:02  Probe  
  195  17:04  Disruptor  
  195  17:06  Photon Cannon  
  200  17:10  Photon Cannon, Pylon  
  200  17:13  Photon Cannon, Shield Battery  
  200  17:14  Probe  
  195  17:16  Shield Battery  
  195  17:17  Pylon  
  195  17:23  Disruptor  
  187  17:39  Dark Templar x2  
  187  17:40  Disruptor  
  185  17:55  Stalker x7  
  199  18:10  Protoss Ground Armor Level 3 (Chrono Boost)  
  199  18:11  Probe  
  200  18:21  Photon Cannon  
  200  18:23  Photon Cannon  
  200  18:25  Protoss Shields Level 1 (Chrono Boost), Photon Cannon  
  200  18:26  Shield Battery  
  197  18:41  Photon Cannon  
  197  18:44  Observer x2  
  195  19:01  Stalker x3  
  195  19:02  Stalker x2  
  199  19:13  Disruptor  
  197  19:20  Dark Templar  
  198  19:26  Dark Templar  
  197  19:34  Disruptor  
  176  19:49  Observer  
  176  19:50  Stalker x3  
  176  19:51  Stalker x5  
  153  20:06  Disruptor (Chrono Boost)  
  133  20:10  Disruptor (Chrono Boost)  
  119  20:23  Nexus  
  119  20:26  Pylon  
  119  20:27  Zealot x10  
  139  20:32  Probe  
  139  20:33  Probe x3  
  143  20:39  Disruptor (Chrono Boost)  
  143  20:42  Disruptor (Chrono Boost)  
  151  20:44  Probe  
  151  20:47  Probe  
  109  21:05  Probe  
  109  21:07  Stalker x6  
  108  21:21  Disruptor x2 (Chrono Boost)  
  115  21:33  Zealot x2  
  106  21:40  Zealot  
  106  21:42  Probe  
  107  21:47  Probe  
  107  21:53  Probe  
  107  21:54  Probe  
  110  21:57  Observer (Chrono Boost), Assimilator  
  111  22:04  Photon Cannon  
  111  22:10  Disruptor (Chrono Boost)  
  115  22:27  Stalker  
  115  22:28  Stalker x3  
  119  22:33  Disruptor (Chrono Boost)  
  123  22:44  Observer  
  123  22:51  Disruptor (Chrono Boost)  
  123  22:53  Observer  
  123  22:57  Observer  
  127  23:06  Disruptor  
  128  23:21  Zealot x2  
  128  23:26  Disruptor  
  133  23:42  Observer  
  133  23:47  Stalker x4  
  138  23:56  Nexus  
  138  23:57  Pylon  
  138  24:00  Disruptor (Chrono Boost)  
  138  24:02  Disruptor (Chrono Boost)  
  129  24:32  Nexus  
  129  24:33  Disruptor (Chrono Boost)  
  129  24:35  Disruptor (Chrono Boost)  
  137  24:44  Zealot  
  139  25:03  Disruptor  
  136  25:11  Disruptor  
  116  25:38  Disruptor  
  116  25:41  Stalker  
  108  25:44  Observer  
Show
View Real Time Build Order
Export as new Build Order

Harstem Protoss - Winner!

Build Orders: Phoenix Opening 

Get SALT Encoding   

  8  0:00  Probe (Chrono Boost)  
  9  0:12  Probe (Chrono Boost)  
  10  0:17  Probe (Chrono Boost)  
  11  0:26  Probe  
  12  0:31  Pylon  
  12  0:38  Probe  
  13  0:50  Probe  
  13  0:53  Gateway  
  14  1:03  Probe (Chrono Boost)  
  15  1:04  Assimilator  
  15  1:13  Assimilator, Probe (Chrono Boost)  
  15  1:18  Probe (Chrono Boost)  
  17  1:29  Probe  
  17  1:30  Gateway  
  18  1:41  Probe  
  18  1:43  Cybernetics Core  
  19  1:53  Probe  
  20  1:56  Pylon  
  20  2:05  Probe  
  21  2:17  Probe  
  21  2:20  Stalker, Warp Gate (Chrono Boost)  
  26  2:29  Probe  
  27  2:34  Pylon  
  27  2:35  Sentry, Phoenix  
  27  2:42  Probe  
  28  2:52  Stalker  
  28  2:56  Probe  
  28  2:58  Stalker  
  33  3:18  Nexus  
  34  3:22  Sentry  
  34  3:25  Pylon  
  35  3:31  Sentry  
  37  3:43  Probe  
  37  3:44  Shield Battery  
  40  3:55  Probe  
  41  3:57  Stalker  
  41  4:01  Stalker  
  43  4:07  Probe, Pylon  
  44  4:12  Phoenix  
  44  4:18  Robotics Facility  
  44  4:19  Probe (Chrono Boost)  
  45  4:29  Probe (Chrono Boost)  
  46  4:32  Probe (Chrono Boost)  
  48  4:39  Probe (Chrono Boost), Adept  
  48  4:40  Adept, Probe (Chrono Boost)  
  48  4:44  Probe (Chrono Boost)  
  53  4:45  Probe  
  55  4:53  Pylon  
  55  4:56  Probe  
  55  4:57  Probe  
  57  5:04  Forge  
  57  5:08  Probe  
  57  5:10  Probe  
  59  5:19  Immortal (Chrono Boost)  
  60  5:22  Probe, Phoenix  
  60  5:25  Assimilator, Twilight Council  
  60  5:26  Pylon  
  64  5:31  Stalker  
  64  5:33  Probe  
  67  5:40  Probe  
  68  5:45  Protoss Ground Weapons Level 1  
  68  5:47  Probe  
  68  5:48  Immortal (Chrono Boost)  
  73  5:52  Assimilator, Probe  
  73  5:55  Pylon  
  74  5:59  Stalker  
  74  6:04  Pylon  
  76  6:08  Stalker  
  78  6:15  Blink (Chrono Boost)  
  78  6:18  Gateway  
  78  6:19  Probe  
  78  6:22  Shield Battery  
  79  6:31  Immortal (Chrono Boost)  
  80  6:32  Probe  
  80  6:33  Stalker x2  
  80  6:38  Pylon  
  84  6:52  Immortal (Chrono Boost)  
  84  6:53  Probe  
  83  6:59  Gateway  
  85  7:01  Stalker x2  
  85  7:03  Gateway  
  85  7:08  Probe  
  90  7:11  Stalker  
  90  7:14  Pylon  
  92  7:19  Stalker x2  
  94  7:24  Observer (Chrono Boost)  
  94  7:25  Probe  
  94  7:26  Pylon  
  96  7:36  Pylon, Stalker  
  96  7:37  Stalker  
  100  7:49  Nexus  
  100  7:54  Pylon  
  99  7:59  Probe  
  99  8:04  Stalker x2  
  104  8:12  Stalker x2  
  106  8:17  Observer (Chrono Boost)  
  107  8:21  Stalker  
  72  8:27  Protoss Ground Weapons Level 2 (Chrono Boost)  
  109  8:28  Pylon, Stalker x2  
  113  8:36  Probe  
  86  8:58  Stalker x5  
  86  8:59  Probe (Chrono Boost)  
  86  9:01  Probe (Chrono Boost)  
  86  9:06  Dark Shrine  
  83  9:12  Probe (Chrono Boost)  
  85  9:20  Shield Battery, Stalker x3  
  85  9:22  Stalker  
  90  9:32  Stalker  
  90  9:33  Probe (Chrono Boost)  
  90  9:35  Probe (Chrono Boost)  
  90  9:36  Probe (Chrono Boost)  
  95  9:44  Pylon  
  95  9:45  Probe (Chrono Boost), Stalker  
  99  9:50  Probe (Chrono Boost)  
  99  9:51  Probe x2 (Chrono Boost)  
  101  9:55  Stalker x2  
  101  9:57  Pylon, Probe  
  106  10:06  Stalker x2  
  110  10:16  Probe  
  110  10:18  Stalker  
  110  10:19  Stalker x2  
  110  10:20  Probe  
  118  10:22  Assimilator  
  118  10:23  Photon Cannon  
  117  10:32  Protoss Ground Weapons Level 3 (Chrono Boost)  
  116  10:36  Observer (Chrono Boost)  
  116  10:39  Dark Templar  
  116  10:40  Nexus  
  119  10:44  Probe  
  119  10:48  Probe  
  121  10:52  Zealot x2, Stalker x2  
  127  11:13  Probe  
  127  11:16  Stalker x2  
  127  11:17  Stalker x3  
  127  11:18  Probe  
  137  11:20  Gateway  
  137  11:21  Gateway  
  137  11:23  Gateway  
  137  11:27  Pylon, Gateway  
  137  11:32  Gateway  
  136  11:41  Dark Templar x3  
  138  11:50  Probe  
  138  11:53  Probe  
  135  11:56  Nexus  
  135  11:58  Stalker x2  
  127  12:10  Pylon  
  127  12:13  Charge (Chrono Boost), Probe  
  127  12:14  Probe  
  129  12:17  Zealot x3  
  129  12:21  Pylon  
  135  12:24  Archon  
  135  12:25  Assimilator  
  135  12:27  Sentry, Zealot x2  
  141  12:32  Observer (Chrono Boost)  
  141  12:33  Photon Cannon  
  142  12:42  Probe  
  143  12:47  Pylon  
  143  12:54  Probe, Pylon  
  143  12:57  Dark Templar, Photon Cannon  
  145  12:58  Dark Templar  
  145  12:59  Protoss Shields Level 1 (Chrono Boost)  
  145  13:02  Dark Templar x2  
  145  13:03  Archon  
  151  13:06  Shield Battery  
  151  13:07  Archon  
  151  13:10  Dark Templar, Zealot  
  151  13:11  Zealot x2  
  150  13:19  Zealot x2  
  122  13:22  Probe  
  105  13:30  Probe  
  105  13:31  Probe  
  105  13:34  Probe  
  105  13:37  Dark Templar x2, Zealot  
  112  13:42  Probe, Pylon  
  112  13:46  Archon  
  112  13:47  Probe  
  115  13:49  Dark Templar  
  115  13:54  Stalker  
  115  13:55  Archon  
  116  13:56  Probe  
  117  14:08  Stalker x4  
  125  14:12  Probe (Chrono Boost)  
  125  14:13  Probe (Chrono Boost)  
  127  14:20  Robotics Bay  
  127  14:23  Stalker, Probe (Chrono Boost)  
  131  14:24  Probe (Chrono Boost)  
  131  14:29  Assimilator, Probe (Chrono Boost)  
  133  14:33  Probe (Chrono Boost)  
  133  14:42  Stalker x4  
  133  14:43  Observer (Chrono Boost)  
  140  14:48  Assimilator  
  140  14:51  Protoss Ground Armor Level 1 (Chrono Boost)  
  138  15:03  Probe  
  138  15:05  Dark Templar x2, Zealot x2  
  138  15:06  Zealot x2  
  151  15:14  Probe  
  152  15:23  Disruptor (Chrono Boost)  
  154  15:37  Zealot x3  
  154  15:40  Nexus  
  156  15:49  Disruptor (Chrono Boost)  
  156  15:51  Probe  
  156  15:52  Probe  
  156  15:53  Probe  
  156  15:55  Pylon  
  163  15:58  Probe  
  164  16:05  Stalker x8  
  164  16:09  Photon Cannon  
  178  16:14  Dark Templar  
  178  16:18  Dark Templar  
  180  16:26  Nexus  
  180  16:27  Pylon  
  180  16:28  Disruptor  
  180  16:37  Probe  
  181  16:40  Protoss Shields Level 2 (Chrono Boost)  
  181  16:46  Probe  
  181  16:52  Stalker x7  
  194  17:03  Pylon  
  194  17:04  Pylon  
  190  17:11  Pylon  
  190  17:17  Pylon  
  190  17:18  Nexus  
  190  17:21  Disruptor (Chrono Boost)  
  186  17:49  Probe  
  186  17:50  Dark Templar x2  
  187  17:52  Zealot  
  187  17:54  Disruptor (Chrono Boost)  
  187  17:58  Shadow Stride (Chrono Boost)  
  193  17:59  Nexus  
  193  18:04  Probe  
  194  18:10  Stalker x3  
  200  18:15  Photon Cannon  
  200  18:16  Photon Cannon  
  200  18:17  Pylon  
  200  18:22  Pylon  
  200  18:23  Gravitic Boosters (Chrono Boost)  
  200  18:24  Observer  
  200  18:29  Nexus  
  200  18:32  Pylon, Nexus  
  198  18:39  Dark Templar  
  194  18:45  Probe  
  195  18:52  Disruptor (Chrono Boost)  
  199  19:00  Probe  
  199  19:02  Stalker x3  
  200  19:15  Robotics Facility  
  194  19:23  Disruptor (Chrono Boost)  
  190  19:33  Stalker x5  
  200  19:43  Zealot  
  191  20:00  Zealot x4  
  191  20:03  Probe  
  178  20:07  Photon Cannon  
  143  20:15  Disruptor x2 (Chrono Boost)  
  143  20:16  Zealot x6  
  143  20:18  Protoss Shields Level 3 (Chrono Boost)  
  143  20:20  Probe  
  150  20:25  Probe  
  150  20:27  Stalker x4  
  157  20:32  Assimilator  
  156  20:37  Assimilator  
  156  20:39  Dark Templar  
  156  20:42  Zealot x5  
  168  20:52  Observer  
  168  20:53  Observer  
  153  20:59  Nexus  
  153  21:02  Zealot x4  
  137  21:05  Zealot x5  
  151  21:14  Colossus (Chrono Boost)  
  151  21:17  Stalker  
  149  21:25  Pylon  
  149  21:27  Stalker x3  
  139  21:40  Stalker x4  
  139  21:41  Stalker, Nexus  
  131  21:50  Zealot x4  
  139  21:55  Stalker  
  142  22:01  Photon Cannon  
  142  22:04  Stalker x2  
  144  22:11  Photon Cannon  
  144  22:13  Sentry x2  
  144  22:14  Photon Cannon  
  146  22:22  Extended Thermal Lance (Chrono Boost)  
  145  22:30  Stalker x2  
  145  22:31  Stalker  
  151  22:39  Zealot  
  151  22:42  Pylon  
  153  22:44  Observer  
  153  22:45  Observer  
  155  22:59  Stalker x4  
  155  23:02  Probe (Chrono Boost)  
  155  23:03  Probe x2 (Chrono Boost)  
  166  23:20  Stalker x3  
  172  23:33  Photon Cannon  
  168  23:39  Dark Templar, Zealot x6  
  180  23:45  Colossus  
  180  23:46  Colossus  
  192  23:55  Stalker  
  192  23:56  Stalker x2  
  177  24:27  Stalker x6  
  177  24:30  Assimilator  
  189  24:31  Photon Cannon  
  189  24:32  Assimilator  
  189  24:33  Photon Cannon x2  
  188  24:39  Colossus  
  188  24:41  Stalker x3  
  196  24:55  Disruptor  
  196  24:57  Photon Cannon  
  190  25:07  Dark Templar  
  190  25:08  Zealot x4  
  190  25:10  Pylon  
  177  25:21  Stalker x5  
  187  25:35  Zealot x4  
  159  25:46  Zealot x6  
  177  25:52  Observer (Chrono Boost)  
  178  26:00  Stalker x4  
  158  26:12  Stalker x6  
Tags
 
Add a new tag
Caveats
  • Supply blocks, unpowered buildings, or Contaminate may cause inaccurate times.
  • Supply counts are checked every 10 seconds.